 Dungeon Crawl Stone Soup version 0.29-a0-82-g837932c90e (webtiles) character file.

Game seed: 13994252681500282820

5 testman the Sneak (level 1, -4/11 HPs)
             Began as a Spriggan Delver on Feb 4, 2022.
             Slain by a water moccasin (8 damage)
             ... in the Ecumenical Temple.
             The game lasted 00:03:31 (400 turns).

testman the Sneak (Spriggan Delver)                  Turns: 400, Time: 00:03:31

Health: -4/11      AC:  2    Str:  8    XL:     1   Next: 66%
Magic:  2/2        EV: 17    Int: 11    God:
Gold:   34         SH:  5    Dex: 16    Spells: 0/0 levels left

rFire   . . .      SeeInvis +   a - +0 short sword
rCold   . . .      Faith    .   (no shield)
rNeg    . . .      Spirit   .   b - +0 robe
rPois   .          Reflect  +   (helmet restricted)
rElec   .          Harm     .   (no cloak)
rCorr   .          Rampage  .   (gloves unavailable)
Will    .....                   (boots unavailable)
Stlth   ++++......              i - amulet of reflection
HPRegen 0.03/turn               (no ring)
MPRegen 0.08/turn               (no ring)

@: very quick
A: very small, no large weapons, unfitting armour, see invisible, speed 3
a: no special abilities


You were in the Ecumenical Temple.
You visited 2 branches of the dungeon, and saw 3 of its levels.

You collected 34 gold pieces.

Inventory:

Hand Weapons
 a - a +0 short sword (weapon)
Missiles
 j - 4 poisoned darts (quivered)
Armour
 b - a +0 robe (worn)
Jewellery
 i - an amulet of reflection (around neck)
Wands
 g - a wand of digging (3)
Scrolls
 c - a scroll of fog
 d - a scroll of magic mapping
 e - a scroll of fear
Potions
 f - 2 potions of haste
 h - a potion of attraction {unknown}


   Skills:
 + Level 2.5 Fighting
 + Level 2.4 Short Blades
 - Level 2.6 Dodging
 + Level 7.4 Stealth


You couldn't memorise any spells.
You didn't know any spells.
Your spell library was empty.

Dungeon Overview and Level Annotations

Branches:
Dungeon (5/15)             Temple (1/1) D:5

Altars:
Dithmenos
Fedhas
Gozag
Kikubaaqudgha
Uskayaw
Zin
The Shining One


Innate Abilities, Weirdness & Mutations

You are very small and have problems with some larger weapons.
You are too small for most types of armour.
You have supernaturally acute eyesight. (SInv)
You cover ground extremely quickly. (Speed+++)


Message History

The water moccasin bites you.
There is a staircase to the Ecumenical Temple here.
The water moccasin barely misses you. x2
You climb downwards.
Welcome to the Ecumenical Temple!
There is a staircase back to the Dungeon here.
Found an opulent altar of Gozag and a hide-covered altar of Uskayaw.
Found a blossoming altar of Fedhas.
Found a shadowy altar of Dithmenos and an ancient bone altar of Kikubaaqudgha.
Found a glowing golden altar of the Shining One.
Found a glowing silver altar of Zin.
You hit the water moccasin.
The water moccasin is lightly wounded.
The water moccasin misses you.
You hit the water moccasin.
The water moccasin is moderately wounded.
The water moccasin completely misses you.
You barely miss the water moccasin.
The water moccasin is moderately wounded.
You block the water moccasin's attack. x2
You closely miss the water moccasin.
The water moccasin is moderately wounded.
The water moccasin bites you.
You closely miss the water moccasin.
The water moccasin is moderately wounded.
The water moccasin closely misses you. The water moccasin bites you.
You hit the water moccasin.
The water moccasin is moderately wounded.
The water moccasin bites you but does no damage.
You hit the water moccasin but do no damage.
Your punch misses the water moccasin.
The water moccasin is moderately wounded.
The water moccasin barely misses you.
You hit the water moccasin.
The water moccasin is moderately wounded.
You block the water moccasin's attack.
You closely miss the water moccasin.
The water moccasin is moderately wounded.
The water moccasin misses you. The water moccasin bites you!
Ouch! That really hurt!
You die...

≈≈≈≈≈≈≈≈≈≈≈≈≈≈≈
≈≈≈≈≈≈≈≈≈≈≈≈≈≈≈≈
≈≈≈≈≈≈≈≈≈≈≈≈≈≈≈≈≈
≈≈≈≈≈≈...≈≈≈≈≈≈≈≈≈
≈≈≈≈≈.._..≈≈≈≈≈≈≈≈≈
≈≈≈.........≈≈≈≈≈≈≈≈
≈≈....._.....≈≈≈≈≈≈≈
≈≈≈._..@.._.≈≈≈≈≈≈≈≈
≈≈≈....S....≈≈≈≈≈≈≈≈
≈≈≈...≈≈≈...≈≈≈≈≈≈≈≈
≈≈...≈≈≈≈≈...≈≈≈≈≈≈≈
≈...≈≈...≈≈...≈≈≈≈≈≈
≈......_......≈≈≈≈≈≈
.._........._..≈≈≈≈≈
≈...≈≈≈.......≈≈≈≈≈≈
≈≈≈≈≈≈≈≈...≈≈≈≈≈≈≈≈≈


You could see a water moccasin.

Vanquished Creatures
  An orc (D:5)
  A hobgoblin (D:4)
  A quokka (D:5)
  A kobold (D:4)
4 creatures vanquished.

Notes
Turn   | Place    | Note
-------+----------+-------------------------------------------
     0 | D:5      | testman the Spriggan Delver began the quest for the Orb.
     0 | D:5      | Reached XP level 1. HP: 11/11 MP: 2/2
    11 | D:5      | Found a staircase to the Ecumenical Temple.
    15 | D:5      | Noticed a water moccasin
   257 | D:5      | Noticed an ice beast
   376 | Temple   | Entered the Ecumenical Temple
   400 | Temple   | Slain by a water moccasin

Illustrated notes

Levels and vault maps discovered:
D:4:      layout_basic
D:5:      minmay_octagon_keep, layout_loops_ring,
          worldfamousw_hep_ancestral_shrine, temple_pool_b
Temple:   eino_temple_water

Action                   || total
-------------------------++-------
Melee: Short sword       ||    26
 Stab: Sleeping          ||     2
Armor: Robe              ||     1
Dodge: Dodged            ||    23
Block: Other             ||     4

Table legend: (Time is in decaauts)
 A = Elapsed time spent in this place.
 B = Non-inter-level travel time spent in this place.
 C = Inter-level travel time spent in this place.
 D = Time resting spent in this place.
 E = Time spent auto-exploring this place.
 F = Levels seen in this place.
 G = Mean time per level.
                   A        B        C        D        E       F      G
               +--------+--------+--------+--------+--------+-----+--------+
         Total |    285 |    285 |      0 |     68 |     14 |   3 |   95.0 |
       Dungeon |    267 |    267 |      0 |     68 |     14 |   2 |  133.5 |
        Temple |     17 |     17 |      0 |      0 |      0 |   1 |   17.0 |
               +--------+--------+--------+--------+--------+-----+--------+

Top non-repeatable levels by time:
     D:4: 165 daAuts
     D:5: 102 daAuts
  Temple: 17 daAuts
